 Dungeon Crawl Stone Soup version 0.28.0-45-g0d030f2227 (webtiles) character file.

Game seed: 6391783424532959235

21 Zeor the Twirler (level 2, -2/18 HPs)
             Began as a Gargoyle Gladiator on Apr 8, 2022.
             Slain by a goblin
             ... wielding a +0 dagger
             ... led by Robin
              (3 damage)
             ... on level 2 of the Dungeon.
             The game lasted 00:03:18 (707 turns).

Zeor the Twirler (Gargoyle Gladiator)                Turns: 707, Time: 00:03:18

Health: -2/18      AC: 11    Str: 17    XL:     2   Next: 87%
Magic:  2/2        EV: 10    Int:  8    God:
Gold:   13         SH:  0    Dex:  9    Spells: 1/1 levels left

rFire   . . .      SeeInvis .   a - +1 quarterstaff
rCold   + . .      Faith    .   (shield currently unavailable)
rNeg    + . .      Spirit   .   i - +0 scale mail
rPois   ∞          Reflect  .   c - +0 helmet
rElec   +          Harm     .   h - +0 cloak
rCorr   .          Rampage  .   (no gloves)
Will    .....                   (no boots)
Stlth   ..........              (no amulet)
HPRegen 0.06/turn               e - ring of protection from cold
MPRegen 0.08/turn               (no ring)

@: no status effects
A: sickness immunity, AC +2, negative energy resistance 1, electricity
resistance, torment resistance 1, petrification resistance, clumsy 1
a: no special abilities


You were on level 2 of the Dungeon.
You visited 1 branch of the dungeon, and saw 2 of its levels.

You collected 13 gold pieces.

Inventory:

Hand Weapons
 a - a +1 quarterstaff (weapon)
Missiles
 d - 3 throwing nets (quivered)
Armour
 c - a +0 helmet (worn)
 h - a +0 cloak (worn)
 i - a +0 scale mail (worn)
Jewellery
 e - a ring of protection from cold (left hand)


   Skills:
 * Level 2.5 Fighting
 + Level 3.3 Staves
 + Level 1.8 Throwing
 * Level 1.0 Armour
 + Level 2.6 Dodging


You had one spell level left.
You didn't know any spells.
Your spell library contained the following spells:

 Spells                   Type           Power      Damage    Failure   Level
 Magic Dart               Conj           0%         1d3       83%         1
 Call Imp                 Summ           0%         N/A       93%         2
 Mephitic Cloud           Conj/Pois/Air  0%         N/A       99%         3


Dungeon Overview and Level Annotations

Branches:
Dungeon (2/15)

Altars:

Annotations:
D:2 Robin


Innate Abilities, Weirdness & Mutations

You are immune to sickness and miasma.
Your stone body is resilient. (AC +2)
You are immune to poison.
You resist negative energy. (rN+)
You are resistant to electric shocks. (rElec)
You are resistant to unholy torment.
You are immune to petrification.
You are clumsy. (Dex -2)


Message History

Unknown command.
You aren't carrying any potions.
You aren't carrying any scrolls.
You hit the ball python.
The ball python is severely wounded.
The goblin no longer looks unusually strong. x2
Robin roars a battlecry!
The goblins go into a battle-frenzy!
The goblin hits you but does no damage.
The ball python bites you but does no damage.
The ball python constricts you. The goblin hits you but does no damage.
Robin's horned helmet rattles.
You completely miss the ball python.
The ball python is severely wounded.
The ball python bites you but does no damage.
The ball python constricts you. The goblin hits you but does no damage.
Unknown command.
You barely miss the ball python.
The ball python is severely wounded.
The goblin no longer looks unusually strong.
The ball python bites you but does no damage.
The ball python constricts you. The goblin closely misses you.
The ball python barely misses you. The ball python constricts you.
You closely miss the ball python.
The ball python is severely wounded.
The ball python barely misses you. The ball python constricts you.
The goblin hits you but does no damage.
Unknown command.
You barely miss the ball python.
The ball python is severely wounded.
The ball python barely misses you. The ball python constricts you.
Robin roars a battlecry!
The goblin goes into a battle-frenzy!
The goblin hits you but does no damage. The ball python barely misses you.
The ball python constricts you.
You hit the ball python.
You kill the ball python!
The goblin no longer looks unusually strong.
The goblin hits you with a +0 dagger.
You die...

▒▒▒▒▒▒▒▒▒▒▒▒
▒▒▒g∙∙∙∙∙∙∙∙∙∙
▒9)gg∙∙∙∙∙∙∙∙∙
▒▒g▒g∙∙∙∙∙∙∙∙∙∙
▒▒▒ggK∙∙∙∙∙∙∙∙∙∙∙
∙▒∙∙∙g∙∙g∙∙∙∙∙∙∙∙∙
∙∙∙▒▒▒▒▒▒▒∙∙∙∙∙∙∙∙
∙∙∙∙▒∙∙∙∙∙▒∙∙∙∙∙∙∙∙


∙∙∙∙g∙∙<∙∙∙∙∙∙∙∙∙∙∙ ▒∙g▒∙▒∙∙g▒g▒∙∙∙)∙∙∙ ▒∙∙∙▄∙∙∙▒∙∙∙∙∙∙∙ You could see Robin, 7
goblins and a kobold.

Vanquished Creatures
  A ball python (D:2)
  An endoplasm (D:1)
  A giant cockroach (D:1)
  4 goblins (D:2)
  2 hobgoblins
  5 bats
  A frilled lizard (D:1)
  2 kobolds (D:1)
  4 rats
21 creatures vanquished.

Notes
Turn   | Place    | Note
-------+----------+-------------------------------------------
     0 | D:1      | Zeor the Gargoyle Gladiator began the quest for the Orb.
     0 | D:1      | Reached XP level 1. HP: 12/12 MP: 1/1
   184 | D:1      | Reached XP level 2. HP: 18/18 MP: 2/2
   667 | D:2      | Found a faded altar of an unknown god.
   669 | D:2      | Noticed Robin
   680 | D:2      | Gained mutation: You are clumsy. (Dex -2) [potion of
                  | mutation]
   687 | D:2      | sleepwalkin'
   689 | D:2      | Reached skill level 1 in Armour
   707 | D:2      | Slain by a goblin

Illustrated notes

▒▒▒▒▒▒▒▒▒▒▒▒
▒▒▒g∙∙∙∙∙∙∙∙∙∙
▒9gr∙∙∙∙∙∙∙∙∙∙
▒▒b▒g∙∙∙∙∙∙∙∙∙∙
▒▒▒ggg∙∙∙∙∙∙∙∙∙∙∙
∙▒∙gg∙∙∙gg∙∙∙∙∙∙∙∙
∙∙S▒▒▒▒▒▒▒∙∙∙∙∙∙∙∙
∙∙∙∙▒∙∙∙∙∙▒∙∙∙∙∙∙∙∙


∙∙∙∙g∙∙<∙∙∙∙∙∙∙∙∙∙∙ ▒Kg▒∙▒∙∙g▒g▒∙∙∙)∙∙∙ ▒∙∙∙▄∙∙∙▒∙∙∙∙∙∙∙ Turn 687 on D:2:
sleepwalkin'

Levels and vault maps discovered:
D:1:      tarquinn_simple_flora_water_e, layout_basic
D:2:      wad_pebble_path, layout_basic, nicolae_ecumenical_pavilion,
          grunt_ministairs_5, uniq_robin

Skill      XL: |  1  2 |
---------------+-------+-----
Armour         | 1 |  1.0
Fighting       | |  2.5
Staves         | |  3.3
Throwing       | |  1.8
Dodging        | |  2.6

Action                   || total
-------------------------++-------
Melee: Quarterstaff      ||    51
  Use: Potion            ||     2
       Scroll            ||     1
Armor: Leather armour    ||    10
       Scale mail        ||    40
Dodge: Dodged            ||    44
